 Dungeon Crawl Stone Soup version 0.29-a0-275-g389c0b56f3 (webtiles) character file.

Game seed: 1910960675162224259

137 Crownlay the Digger (level 5, 0/28 HPs)
             Began as a Gargoyle Earth Elementalist on Mar 11, 2022.
             Slain by a black bear (1 damage)
             ... on level 4 of the Dungeon.
             The game lasted 00:05:23 (4860 turns).

Crownlay the Digger (Gargoyle Earth Elementalist)   Turns: 4860, Time: 00:05:24

Health: 0/28       AC:  6    Str: 11    XL:     5   Next: 20%
Magic:  7/11       EV: 11    Int: 18    God:
Gold:   79         SH:  0    Dex: 10    Spells: 6/12 levels left

rFire   . . .      SeeInvis .   m - +0 short sword
rCold   . . .      Faith    .   (no shield)
rNeg    + . .      Spirit   .   b - +0 robe
rPois   ∞          Reflect  .   (no helmet)
rElec   +          Harm     .   (no cloak)
rCorr   .          Rampage  .   (no gloves)
Will    +....                   (no boots)
Stlth   ++........              (no amulet)
HPRegen 0.09/turn               k - ring of willpower
MPRegen 0.12/turn               (no ring)

@: no status effects
A: sickness immunity, AC +4, negative energy resistance 1, electricity
resistance, torment resistance 1, petrification resistance
a: no special abilities


You were on level 4 of the Dungeon.
You visited 1 branch of the dungeon, and saw 4 of its levels.

You collected 112 gold pieces.
You spent 33 gold pieces at shops.

Inventory:

Hand Weapons
 m - a +0 short sword (weapon)
Missiles
 a - 139 stones
Armour
 b - a +0 robe (worn)
Jewellery
 k - a ring of willpower (left hand)
Scrolls
 g - a scroll of teleportation
 i - a scroll of identify
 l - a scroll of summoning
Potions
 c - 2 potions of magic
 d - a potion of might {unknown}
 e - a potion of brilliance {unknown}
 f - a potion of berserk rage {unknown}
 h - 2 potions of mutation {unknown}
 j - a potion of curing


   Skills:
 - Level 1.5 Dodging
 - Level 2.1 Stealth
 * Level 4.1 Spellcasting
 - Level 0.7 Transmutations
 + Level 4.9 Earth Magic


You had 6 spell levels left.
You knew the following spells:

 Your Spells              Type           Power      Damage    Failure   Level
a - Sandblast             Erth           42%        2d11      1%          1
b - Passwall              Tmut/Erth      10%        N/A       7%          2
c - Stone Arrow           Conj/Erth      24%        3d8       16%         3

Your spell library contained the following spells:

 Spells                   Type           Power      Damage    Failure   Level
 Petrify                  Tmut/Erth      13%        N/A       41%         4


Dungeon Overview and Level Annotations

Branches:
Dungeon (4/15)
 Temple: D:4-7

Altars:

Shops:
D:2 !


Innate Abilities, Weirdness & Mutations

You are immune to sickness and miasma.
Your stone body is resilient. (AC +4)
You are immune to poison.
You resist negative energy. (rN+)
You are resistant to electric shocks. (rElec)
You are resistant to unholy torment.
You are immune to petrification.


Message History

The adder bites you but does no damage.
You barely miss the adder.
The adder is almost dead.
The adder barely misses you. The adder bites you but does no damage.
You hit the adder but do no damage.
The adder is almost dead.
The adder bites you but does no damage.
You barely miss the adder.
The adder is almost dead.
The adder barely misses you. The adder bites you but does no damage.
You hit the adder.
You kill the adder!
No target in view!
No target in view!
No target in view!
k - a ring of willpower
k - a ring of willpower (left hand)
You see here an adder corpse.
Found a stone staircase leading up.
A black bear comes into view.
The blast of sand hits the black bear!
The black bear is moderately wounded.
The blast of sand hits the black bear!
The black bear is almost dead.
The black bear goes berserk!
The blast of sand hits the black bear.
The black bear is almost dead.
The black bear bites you! The black bear closely misses you.
The black bear barely misses you.
The blast of sand misses the black bear.
The black bear bites you! The black bear claws you.
* * * LOW HITPOINT WARNING * * *
The black bear claws you.
* * * LOW HITPOINT WARNING * * *
The black bear bites you.
* * * LOW HITPOINT WARNING * * *
The black bear claws you.
* * * LOW HITPOINT WARNING * * *
The black bear claws you.
You die...

########## .....
#......... ....#
##.........# ...#
..........# #..#
#....$....# #..#
#.........# ##..##
#..........
#....###......?...
#......@h.....<..#
#...†###..........
#.#..####.....####
#.##..###.........
##.##..>...#..#####
#.....#.##.##.#
#.......##.# ...
#<......##.# ###
#.......##.#


You could see a black bear (berserk).

Vanquished Creatures
  5 adders
  A worm (D:2)
  A dart slug (D:2)
  5 orcs (D:3)
  3 ball pythons
  7 endoplasms
  3 giant cockroaches
  13 goblins
  9 hobgoblins
  4 jackals (D:1)
  3 quokkas
  5 bats
  4 frilled lizards
  8 kobolds
  4 rats (D:1)
  A bush (D:2)
76 creatures vanquished.

Vanquished Creatures (others)
  A bush (D:2)
  6 plants (D:2)
7 creatures vanquished.

Grand Total: 83 creatures vanquished

Notes
Turn   | Place    | Note
-------+----------+-------------------------------------------
     0 | D:1      | Crownlay the Gargoyle Earth Elementalist began the quest
                  | for the Orb.
     0 | D:1      | Reached XP level 1. HP: 10/10 MP: 3/3
   112 | D:1      | Reached XP level 2. HP: 14/15 MP: 5/5
  1076 | D:1      | Reached XP level 3. HP: 9/19 MP: 5/7
  1297 | D:1      | Found a faded altar of an unknown god.
  1924 | D:2      | Learned a level 2 spell: Passwall
  1928 | D:2      | Learned a level 3 spell: Stone Arrow
  2379 | D:2      | Reached XP level 4. HP: 22/24 MP: 9/9
  2527 | D:2      | Found Direckac's Distillery.
  2540 | D:2      | Bought a potion of curing for 33 gold pieces
  4373 | D:3      | Reached XP level 5. HP: 23/28 MP: 9/11
  4848 | D:4      | Noticed a black bear
  4860 | D:4      | HP: 1/28 [black bear (2)]
  4860 | D:4      | Slain by a black bear

Illustrated notes

Levels and vault maps discovered:
D:1:      psy_arrival_spokes, layout_basic, nicolae_ecumenical_lake_church
D:2:      layout_loops_ring, serial_forest, infiniplex_forest_3_way,
          infiniplex_forest_split, infiniplex_forest_straight_2,
          infiniplex_forest_lined_room_2, infiniplex_forest_end_2,
          infiniplex_forest_fountain, infiniplex_forest_lined_3, serial_shops,
          shop, feat_on_display
D:3:      layout_basic
D:4:      layout_rooms, minmay_temple_entry_wispy, uniq_robin

Skill      XL: |  1  2  3  4 |
---------------+-------------+-----
Earth Magic    | 4 |  4.9
Spellcasting   | 3 4 |  4.1
Dodging        | |  1.5
Stealth        | |  2.1
Transmutations | |  0.7

Action                   |  1- 3 |  4- 6 || total
-------------------------+-------+-------++-------
Melee: Club              |    25 |       ||    25
       Dagger            |   134 |   358 ||   492
       Punch             |     1 |     6 ||     7
       Short sword       |       |   195 ||   195
 Cast: Sandblast         |    18 |    16 ||    34
  Use: Scroll            |       |     3 ||     3
 Stab: Sleeping          |     3 |     3 ||     6
Armor: Robe              |    60 |    56 ||   116
Dodge: Dodged            |    97 |    78 ||   175

Table legend: (Time is in decaauts)
 A = Elapsed time spent in this place.
 B = Non-inter-level travel time spent in this place.
 C = Inter-level travel time spent in this place.
 D = Time resting spent in this place.
 E = Time spent auto-exploring this place.
 F = Levels seen in this place.
 G = Mean time per level.
                   A        B        C        D        E       F      G
               +--------+--------+--------+--------+--------+-----+--------+
         Total |   4884 |   4665 |    219 |      0 |   3544 |   4 | 1221.0 |
       Dungeon |   4884 |   4665 |    219 |      0 |   3544 |   4 | 1221.0 |
               +--------+--------+--------+--------+--------+-----+--------+

Top non-repeatable levels by time:
     D:2: 2164 daAuts
     D:1: 1860 daAuts
     D:3: 821 daAuts
     D:4: 37 daAuts
